 Dungeon Crawl Stone Soup version 0.26.1-11-gd32895ea62 (webtiles) character file.

Game seed: 7274550206028372142

2525 Zeld the Thaumaturge (level 9, -1/54 HPs)
             Began as an Octopode Brigand on May 16, 2021.
             Was a Believer of Fedhas.
             Slain by a centaur (7 damage)
             ... on level 7 of the Dungeon.
             The game lasted 00:11:22 (12435 turns).

Zeld the Thaumaturge (Octopode Brigand)            Turns: 12435, Time: 00:11:23

Health: -1/54      AC:  1    Str: 13      XL:     9   Next: 54%
Magic:  23/23      EV: 12    Int: 14      God:    Fedhas [**....]
Gold:   458        SH:  0    Dex:  8 (13) Spells: 28/28 levels left

rFire    . . .     SeeInvis .   t - +2 dagger (venom)
rCold    . . .     Faith    .   (no shield)
rNeg     . . .     Spirit   .   (helmet restricted)
rPois    .         Reflect  .   (no amulet)
rElec    .         Harm     .   k - ring of willpower
rCorr    .         Rampage  .   (no ring)
Will     +....                  (no ring)
Stlth    ++++......             (no ring)
HPRegen  0.18/turn              (no ring)
MPRegen  0.18/turn              (no ring)
                                (no ring)
                                (no ring)

@: no status effects
A: almost no armour, stealthy swim, amphibious, 8 rings, constrict 8, camouflage
1, gelatinous body 1
a: Renounce Religion, Wall of Briars


You were on level 7 of the Dungeon.
You worshipped Fedhas.
Fedhas was pleased with you.
You visited 2 branches of the dungeon, and saw 8 of its levels.

You collected 458 gold pieces.

Inventory:

Hand Weapons
 a - a +2 dagger
 r - a +2 dagger of freezing
 t - a +2 dagger of venom (weapon)
Missiles
 b - 20 poisoned darts (quivered)
 c - 2 curare-tipped darts
 o - 4 datura-tipped darts
Jewellery
 k - a ring of willpower (left tentacle)
Wands
 q - a wand of digging (14)
 y - a wand of flame (11)
Scrolls
 e - a scroll of fog {unknown}
 g - a scroll of vulnerability {unknown}
 h - 2 scrolls of enchant weapon
 i - a scroll of magic mapping
 j - 2 scrolls of teleportation
 l - a scroll of fear
 u - 3 scrolls of enchant armour
 A - 3 scrolls of remove curse
 B - a scroll of amnesia {unknown}
Potions
 d - 2 potions of brilliance {unknown}
 f - a potion of haste {unknown}
 m - 4 potions of curing {unknown}
 s - 5 potions of mutation {unknown}
 v - 2 potions of lignification {unknown}
 w - a potion of magic {unknown}
 z - a potion of degeneration {unknown}


   Skills:
 - Level 2.0 Fighting
 - Level 2.0 Short Blades
 - Level 6.0 Throwing
 - Level 1.0 Dodging
 - Level 5.3 Stealth
 + Level 10.2 Spellcasting


You had 28 spell levels left.
You didn't know any spells.
Your spell library was empty.

Dungeon Overview and Level Annotations

Branches:
Dungeon (7/15)             Temple (1/1) D:5

Altars:
Ashenzari
Cheibriados
Dithmenos
Fedhas
Gozag
Hepliaklqana
Kikubaaqudgha
Makhleb
Nemelex Xobeh
Okawaru
Qazlal
Ru
Sif Muna
Trog
Uskayaw
Vehumet
Wu Jian
Xom
Yredelemnul
Zin


Innate Abilities, Weirdness & Mutations

You cannot wear most types of armour.
You are very stealthy in the water. (Stealth+)
You are amphibious.
You can wear up to eight rings at the same time.
You can use your tentacles to constrict eight enemies at once.
Your skin changes colour to match your surroundings (Stealth+).
Your rubbery body absorbs attacks. (AC +1, EV +1)


Message History

You hit the centaur.
The centaur is poisoned.
You squeeze the centaur.
The centaur is heavily wounded.
The centaur misses you.
You hit the centaur but do no damage.
The centaur looks as sick as possible!
The centaur is heavily wounded.
The centaur hits you! x2
* * * LOW HITPOINT WARNING * * *
You hit the centaur but do no damage.
The centaur looks as sick as possible!
The centaur is heavily wounded.
The centaur barely misses you.
You hit the centaur.
The centaur looks as sick as possible!
Your squeeze misses the centaur.
The centaur is severely wounded.
The centaur hits you.
* * * LOW HITPOINT WARNING * * *
You barely miss the centaur.
The centaur is severely wounded.
The centaur hits you!
You die...
Fedhas appreciates your contribution to the ecosystem.

#.. ..## #.##
..##### ##.#.
#.....### #....
###.......###....
##..........#.....
##.............._..
#..................
#c@(...........#...
#..............#...
#.........†....###.
#..............# ##
#..............# ##
#...............#
#.
##.............##
#. ###...........#
#. ............#
#..


You could see a centaur (extremely poisoned).

Vanquished Creatures
  Pikel (D:3)
  Menkaure (D:4)
  2 ice beasts
  3 ogres
  A phantom (D:4)
  3 bullfrogs (D:6)
  2 scorpions
  5 wights
  A gnoll shaman (D:4)
  A bullfrog zombie (D:5)
  A hound (D:4)
  2 centaur skeletons
  A quasit (D:4)
  4 orc priests
  2 jellies
  3 orc wizards
  A bullfrog skeleton (D:4)
  2 iguanas (D:4)
  5 worker ants
  A hound zombie (D:5)
  A hound skeleton (D:4)
  11 adders
  4 gnolls
  2 shadow imps (D:3)
  A white imp (D:5)
  An ufetubus (D:4)
  2 oozes
  An adder skeleton (D:5)
  A dart slug (D:2)
  2 leopard geckos
  20 orcs
  A ball python (D:2)
  7 giant cockroaches
  4 goblins
  11 hobgoblins
  2 jackals (D:6)
  A quokka (D:5)
  5 bats
  5 frilled lizards
  7 kobolds
  A quokka zombie (D:6)
  9 rats
141 creatures vanquished.

Notes
Turn   | Place    | Note
-------+----------+-------------------------------------------
     0 | D:1      | Zeld the Octopode Brigand began the quest for the Orb.
     0 | D:1      | Reached XP level 1. HP: 14/14 MP: 1/1
   383 | D:3      | Noticed an orc wizard
   430 | D:3      | Reached XP level 2. HP: 13/19 MP: 1/3
   448 | D:3      | Reached skill level 1 in Spellcasting
   457 | D:3      | Reached XP level 3. HP: 14/24 MP: 4/4
   884 | D:4      | Found an ancient bone altar of Kikubaaqudgha.
  1042 | D:4      | Reached XP level 4. HP: 29/29 MP: 4/6
  1088 | D:4      | Reached skill level 2 in Spellcasting
  1451 | D:5      | Entered Level 5 of the Dungeon
  1485 | D:5      | Found a staircase to the Ecumenical Temple.
  1485 | D:5      | Noticed an ogre
  1490 | D:5      | Reached XP level 5. HP: 34/34 MP: 8/8
  1495 | Temple   | Entered the Ecumenical Temple
  1509 | Temple   | Became a worshipper of Fedhas Madash
  3085 | D:3      | Reached * piety under Fedhas
  3357 | D:3      | Reached skill level 5 in Throwing
  3378 | D:3      | Found a transporter.
  3433 | D:3      | Found a transporter.
  3455 | D:3      | Reached XP level 6. HP: 20/39 MP: 8/10
  4648 | D:3      | Reached skill level 3 in Spellcasting
  4663 | D:3      | Reached ** piety under Fedhas
  5338 | D:4      | Reached XP level 7. HP: 45/45 MP: 12/12
  5392 | D:4      | Found a hide-covered altar of Uskayaw.
  5420 | D:4      | Noticed Pikel
  5449 | D:4      | Reached skill level 4 in Spellcasting
  5850 | D:3      | Killed Pikel
  5851 | D:3      | Reached skill level 6 in Spellcasting
  5851 | D:3      | Reached XP level 8. HP: 9/50 MP: 13/17
  6823 | D:4      | Reached skill level 7 in Spellcasting
  7024 | D:4      | Noticed Menkaure
  7036 | D:4      | Killed Menkaure
  7204 | D:5      | Reached skill level 8 in Spellcasting
  7556 | D:5      | Reached XP level 9. HP: 27/54 MP: 21/21
  8405 | D:4      | Reached skill level 9 in Spellcasting
 10461 | D:6      | Found a stormy altar of Qazlal.
 10480 | D:6      | HP: 1/47 [bullfrog (4)]
 10502 | D:6      | HP: 2/47 [centaur skeleton (2)]
 11538 | D:6      | Reached skill level 10 in Spellcasting
 12392 | D:7      | Found a stormy altar of Qazlal.
 12393 | D:7      | Found a shadowy altar of Dithmenos.
 12393 | D:7      | Found an opulent altar of Gozag.
 12435 | D:7      | Slain by a centaur

Illustrated notes

Levels and vault maps discovered:
D:1:      minmay_arrival_open_corners, layout_basic, hangedman_decor_opposing,
          minmay_crystal_room
D:2:      layout_loops_cross, minmay_tromino_mix6
D:3:      gammafunk_wand_slinger, layout_loops_corners
D:4:      layout_loops_cross, lemuel_crystal_altar, kennysheep_mini,
          uniq_menkaure, uniq_pikel
D:5:      layout_loops_ring, minmay_temple_entry_mist
D:6:      layout_rooms, grunt_ministairs_4, nicolae_qazlal_style_of_elements
D:7:      layout_cave_pods, grunt_temple_overflow_open,
          minmay_misc_feat_encased, uniq_duvessa, uniq_crazy_yiuf_cottage
Temple:   regret_index_temple_waves

Skill      XL: |  1  2  3  4  5  6  7  8  9 |
---------------+----------------------------+-----
Spellcasting   | 1 2 3 6 8 10 | 10.2
Throwing       | 3 4 5 6 |  6.0
Fighting       | |  2.0
Short Blades   | |  2.0
Dodging        | |  1.0
Stealth        | |  5.3

Action                   |  1- 3 |  4- 6 |  7- 9 || total
-------------------------+-------+-------+-------++-------
Melee: Dagger            |    30 |   135 |   232 ||   397
       Constrict         |     6 |    39 |    38 ||    83
       Tentacles         |     4 |    18 |    45 ||    67
Throw: Dart              |       |       |    16 ||    16
Evoke: Wand              |       |    11 |     1 ||    12
  Use: Scroll            |       |       |    12 ||    12
 Stab: Sleeping          |     8 |    15 |     5 ||    28
       Distracted        |       |       |     2 ||     2
Armor: Skin              |       |    12 |    12 ||    24
Dodge: Dodged            |    10 |    83 |   161 ||   254
